 Dungeon Crawl Stone Soup version 0.15-a0-890-g337b859 (webtiles) character file.

187 rodrick the Skirmisher (level 5, -7/38 HPs)
             Began as a Plutonian Berserker on May 19, 2014.
             Was a Priest of Trog.
             Mangled by a goliath beetle (24 damage)
             ... on Level 3 of the Dungeon.
             The game lasted 00:05:41 (1877 turns).

rodrick the Skirmisher (Plutonian Berserker)        Turns: 1877, Time: 00:05:42

HP  -7/38        AC  6     Str 19      XL: 5   Next: 39%
MP   4/4         EV 10     Int  7      God: Trog [***...]
Gold 97          SH  0     Dex 12      Spells:  0 memorised,  4 levels left

rFire  . . .     SeeInvis .     a - +0 hand axe
rCold  . . .     Clarity  .     b - +0 ring mail
rNeg   . . .     Conserve .     (no shield)
rPois  .         rCorr    .     (no helmet)
rElec  .         rRot     .     (no cloak)
SustAb .         Spirit   .     h - +0 pair of gloves (curse)
rMut   .         Warding  .     (no boots)
Gourm  .         Stasis   .     (no amulet)
MR     .....                    (no ring)
                                n - cursed ring of loudness

@: slightly contaminated, glowing, not resistant to hostile enchantments,
extremely unstealthy
A: no striking features
a: Overload, Burn Spellbooks, Berserk, Trog's Hand, Renounce Religion


You were on level 3 of the Dungeon.
You worshipped Trog.
Trog was most pleased with you.
You were not hungry.

You visited 1 branch of the dungeon, and saw 3 of its levels.

You collected 97 gold pieces.

Inventory:

Hand weapons
 a - a +0,+0 hand axe (weapon)
Armour
 b - a +0 ring mail (worn)
 h - a cursed +0 pair of gloves (worn)
Comestibles
 d - 2 bread rations
 s - a meat ration
Scrolls
 f - a scroll of recharging {unknown}
 g - 2 scrolls of amnesia {unknown}
 j - a scroll of random uselessness {unknown}
 k - a scroll of magic mapping {unknown}
 l - a scroll of enchant weapon I {unknown}
 o - a scroll of blinking {unknown}
 q - a scroll of fog {unknown}
 r - a scroll of identify {unknown}
Jewellery
 n - a cursed ring of loudness (left hand)
Potions
 c - 2 potions of curing
 e - a potion of brilliance {unknown}
 i - a potion of magic {unknown}
 m - a potion of might {unknown}
 p - 2 potions of mutation {unknown}


   Skills:
 * Level 4.5 Fighting
 * Level 4.4 Axes
 + Level 3.0 Armour
 - Level 2.0 Dodging


You had 4 spell levels left.
You didn't know any spells.

Dungeon Overview and Level Annotations

Branches:
Dungeon (3/15)

Altars:
Kikubaaqudgha
Okawaru
Xom
The Shining One


Message History

No target in view!
You climb upwards.
There is a stone staircase leading down here.
You climb downwards.
There is a stone staircase leading up here.
A goliath beetle comes into view.
A giant gecko comes into view.
Found 12 stones.
A rat comes into view.
The goliath beetle bites you!
Ouch! That really hurt!
You hit the goliath beetle but do no damage.
The giant gecko barely misses you.
You hit the giant gecko.
The giant gecko is severely wounded.
You hit the goliath beetle but do no damage.
The giant gecko bites you but does no damage.
The goliath beetle bites you!
Ouch! That really hurt!
You die...

# #. #####. ########
#... .#
.......#########.####.
#.#!.................
#..B@....###.....####
#...l###.<...........
...r....#
#.........####
.#.##...# #.####.#.##
.( .........# #.....
###..##..## #...### #
#.. #.. #...# ... ...
#...# # ... .....


You could see a goliath beetle, a giant gecko and a rat.

Vanquished Creatures
  Sigmund (D:2)
  Ijyb (D:2)
  5 adders
  A giant gecko (D:3)
  An ooze (D:2)
  8 bats
  8 hobgoblins
  7 jackals
  2 giant newts
  9 goblins
  6 kobolds
  A quokka (D:2)
  6 rats
56 creatures vanquished.

Notes
Turn   | Place    | Note
--------------------------------------------------------------
     0 | D:1      | rodrick, the Plutonian Berserker, began the quest for the Orb.
     0 | D:1      | Reached XP level 1. HP: 16/16 MP: 1/1
   145 | D:1      | Found a glowing golden altar of the Shining One.
   323 | D:1      | Reached XP level 2. HP: 21/21 MP: 2/2
   599 | D:1      | Acquired Trog's second power
   823 | D:2      | Found an iron altar of Okawaru.
   834 | D:2      | Found a shimmering altar of Xom.
   837 | D:2      | Found an ancient bone altar of Kikubaaqudgha.
   860 | D:2      | Reached XP level 3. HP: 21/26 MP: 3/3
  1424 | D:2      | Reached XP level 4. HP: 31/33 MP: 3/3
  1432 | D:2      | Reached skill level 4 in Fighting
  1518 | D:2      | Noticed Ijyb
  1528 | D:2      | Killed Ijyb
  1605 | D:2      | Noticed Sigmund
  1613 | D:2      | Killed Sigmund
  1613 | D:2      | Reached XP level 5. HP: 38/38 MP: 4/4
  1877 | D:3      | Mangled by a goliath beetle

Action                   |  1- 3 |  4- 6 || total
-------------------------+-------+-------++-------
Melee: Hand axe          |   182 |    43 ||   225
Invok: Berserk           |     1 |     2 ||     3
